 Dungeon Crawl Stone Soup version 0.28-a0-1629-gf728b707aa (webtiles) character file.

Game seed: 10293822130009539488

2852 tatocazan the Blocker (level 10, -1/80 HPs)
             Began as a Formicid Fighter on Jan 24, 2022.
             Was a Priest of Okawaru.
             Slain by a killer bee (3 damage)
             ... on level 9 of the Dungeon.
             The game lasted 00:07:07 (8216 turns).

tatocazan the Blocker (Formicid Fighter)            Turns: 8216, Time: 00:07:07

Health: -1/80      AC:  9    Str: 25    XL:     10   Next: 4%
Magic:  10/10      EV:  7    Int:  8    God:    Okawaru [***...]
Gold:   394        SH:  6    Dex: 10    Spells: 9/9 levels left

rFire   . . .      SeeInvis +   a - +1 flail
rCold   . . .      Faith    .   c - +0 buckler
rNeg    . . .      Spirit   .   l - +1 plate armour
rPois   .          Reflect  .   (helmet unavailable)
rElec   .          Harm     .   (no cloak)
rCorr   .          Rampage  .   (no gloves)
Will    +....                   (no boots)
Stlth   ..........              (no amulet)
HPRegen 0.23/turn               (no ring)
MPRegen 0.12/turn               (no ring)

@: mighty, lethally poisoned (-1 -> -2), attractive
A: permanent stasis, dig shafts and tunnels, antennae 3, four strong arms,
deformed body
a: Dig, Shaft Self, Renounce Religion, Heroism


You were on level 9 of the Dungeon.
You worshipped Okawaru.
Okawaru was most pleased with you.
You visited 1 branch of the dungeon, and saw 9 of its levels.

You collected 394 gold pieces.

Inventory:

Hand Weapons
 a - a +1 flail (weapon)
 y - a +0 vorpal shortbow
Missiles
 g - 5 curare-tipped darts
 A - 19 arrows
 B - 17 stones
Armour
 b - a +0 scale mail
 c - a +0 buckler (worn)
 l - a +1 plate armour (worn)
Jewellery
 C - a ring of magical power
Wands
 t - a wand of flame (18)
Scrolls
 e - a scroll of vulnerability
 q - 2 scrolls of noise
 r - 9 scrolls of identify
 u - a scroll of immolation {unknown}
Potions
 f - a potion of attraction
 h - a potion of berserk rage {unknown}
 j - 3 potions of haste {unknown}
 k - a potion of invisibility {unknown}
 n - 2 potions of degeneration {unknown}
 v - a potion of mutation
 z - a potion of ambrosia {unknown}


   Skills:
 + Level 7.9 Fighting
 + Level 6.8 Maces & Flails
 + Level 8.0 Armour
 + Level 8.7 Shields


You had 9 spell levels left.
You didn't know any spells.
Your spell library contained the following spells:

 Spells                   Type           Power      Damage    Failure   Level
 Pain                     Necr           0%         1d4       99%         1
 Dazzling Flash           Conj/Hex       0%         N/A       100%        3
 Vampiric Draining        Necr           0%         2d6       100%        3
 Iskenderun's Mystic Bla  Conj/Tloc      0%         2d3       100%        4
 Starburst                Conj/Fire      0%         6d3       100%        6
 Animate Skeleton         Necr           Unusable   N/A       N/A         1

Dungeon Overview and Level Annotations

Branches:
Dungeon (10/15)            Temple (0/1) D:5
   Lair: D:8-11         Orc: D:9-12

Altars:
Cheibriados
Fedhas
Okawaru
Trog

Shops:
D:2 [   D:9 :

Annotations:
D:7 Harold


Innate Abilities, Weirdness & Mutations

You cannot be hasted, slowed, berserked, paralysed or teleported.
You can dig through walls and to a lower floor.
You have a pair of large antennae on your head. (SInv)
Your four strong arms can wield two-handed weapons with a shield.
Armour fits poorly on your strangely shaped body.


Message History

The killer bee barely misses you.
Your life force feels restored.
You have reached level 10!
You regained 2 hp, and now have 19/80 hp.
MP restored: 10 You completely miss the killer bee.
The killer bee is almost dead.
The killer bee stings you.
* * * LOW HITPOINT WARNING * * *
The killer bee closely misses you.
You take 5 damage, and have 14/80 hp.
You miss the killer bee.
The killer bee is almost dead.
The killer bee barely misses you. The killer bee completely misses you.
You block the killer bee's attack.
You miss the killer bee.
The killer bee is almost dead.
The killer bee stings you but does no damage.
The killer bee stings you.
* * * LOW HITPOINT WARNING * * *
You are poisoned.
The killer bee poisons you!
You take 5 damage, and have 9/80 hp.
You bludgeon the killer bee!!
You kill the killer bee!
Okawaru accepts your kill.
You feel sick. The killer bee closely misses you.
Your Armour skill increases to level 8!
You take 2 damage, and have 7/80 hp.
It was a potion of attraction.
You feel attractive to monsters.
You feel sick. The killer bee stings you.
* * * LOW HITPOINT WARNING * * *
The killer bee completely misses you.
You take 4 damage, and have 3/80 hp.
It was a potion of mutation.
You feel extremely strange.
Your body twists and deforms.
* * * LOW HITPOINT WARNING * * *
You feel sick. The killer bee barely misses you. The killer bee stings you.
You die...

#.......#
#.......####..
#.............
#.............
#.....8...<(..
#.............
#######.....∩.....
#@y............#
#######...>...8#
#......###
#......# #.....##
#######


You could see a killer bee.

Vanquished Creatures
  A centaur warrior (D:10)
  A cyclops (D:9)
  A shadow (D:10)
  An ice beast (D:5)
  3 ogres
  2 sky beasts
  2 necrophages
  A bullfrog (D:6)
  4 killer bees (D:9)
  2 howler monkeys (D:6)
  2 bullfrog zombies (D:6)
  A centaur zombie (D:10)
  A hound (D:6)
  2 centaur skeletons
  3 orc priests
  4 iguanas
  6 orc wizards
  A hound zombie (D:5)
  6 adders
  3 gnolls (D:5)
  A howler monkey skeleton (D:6)
  A white imp (D:6)
  An ufetubus (D:2)
  An adder skeleton (D:4)
  4 worms
  A dart slug (D:2)
  10 orcs
  8 bats
  5 endoplasms
  5 giant cockroaches
  7 goblins
  2 hobgoblins
  6 quokkas
  3 ball pythons
  4 frilled lizards
  7 kobolds
  5 rats
118 creatures vanquished.

Notes
Turn   | Place    | Note
-------+----------+-------------------------------------------
     0 | D:1      | tatocazan the Formicid Fighter began the quest for the Orb.
     0 | D:1      | Reached XP level 1. HP: 18/18 MP: 1/1
   224 | D:1      | Reached XP level 2. HP: 24/24 MP: 2/2
   876 | D:2      | Found Liameyrao's Armour Boutique.
   894 | D:2      | Reached XP level 3. HP: 20/29 MP: 3/3
  1033 | D:2      | Found a faded altar of an unknown god.
  1417 | D:2      | Reached XP level 4. HP: 18/37 MP: 4/4
  2455 | D:3      | Noticed an ogre
  2460 | D:3      | Killed an ogre
  2461 | D:3      | Reached XP level 5. HP: 29/42 MP: 5/5
  2840 | D:2      | Reached XP level 6. HP: 38/49 MP: 6/6
  3003 | D:2      | Reached skill level 5 in Shields
  3372 | D:4      | Found an iron altar of Okawaru.
  3414 | D:4      | Became a worshipper of Warmaster Okawaru
  3906 | D:4      | Noticed an ogre
  3912 | D:4      | Killed an ogre
  4385 | D:4      | Found a bloodstained altar of Trog.
  4404 | D:4      | Reached XP level 7. HP: 55/55 MP: 7/7
  4473 | D:5      | Entered Level 5 of the Dungeon
  4481 | D:5      | Reached skill level 5 in Armour
  4486 | D:5      | Reached skill level 5 in Fighting
  5046 | D:5      | Reached * piety under Okawaru
  5391 | D:5      | Found a staircase to the Ecumenical Temple.
  5562 | D:5      | Reached XP level 8. HP: 24/63 MP: 8/8
  6071 | D:5      | Found a blossoming altar of Fedhas.
  6186 | D:6      | Reached skill level 5 in Maces & Flails
  6753 | D:6      | Reached ** piety under Okawaru
  6934 | D:7      | Reached XP level 9. HP: 70/71 MP: 9/9
  7225 | D:7      | Noticed Harold
  7236 | D:7      | You fall into a shaft and drop 3 floors!
  7236 | D:10     | Entered Level 10 of the Dungeon
  7619 | D:10     | Found a snail-covered altar of Cheibriados.
  7735 | D:10     | Noticed a centaur warrior
  7742 | D:10     | Killed a centaur warrior
  8055 | D:10     | Noticed a gargoyle
  8067 | D:9      | Found Ugil's Book Shoppe.
  8184 | D:9      | HP: 3/62 [poisoned by a killer bee]
  8187 | D:9      | Noticed a cyclops
  8192 | D:9      | Reached *** piety under Okawaru
  8202 | D:9      | HP: 3/63 [killer bee (7)]
  8210 | D:9      | Killed a cyclops
  8211 | D:9      | Reached XP level 10. HP: 19/80 MP: 10/10
  8215 | D:9      | HP: 3/80 [killer bee (3)]
  8216 | D:9      | Gained mutation: Armour fits poorly on your strangely
                  | shaped body. [potion of mutation]
  8216 | D:9      | Slain by a killer bee

Illustrated notes

Levels and vault maps discovered:
D:1:      dpeg_arrival_rooms_c, layout_basic
D:2:      layout_basic, hellmonk_ecumenical_altar_arch_garden, serial_shops,
          shop, minmay_statues_item
D:3:      minmay_wonky_spiral, layout_basic
D:4:      layout_basic, nicolae_overflow_crystal_walls,
          trog_three_pillars_becter, minmay_curled_crystal, minivault_27
D:5:      layout_basic, kennysheep_mini, minmay_temple_entry_statues,
          dk_noncrumbling_4
D:6:      layout_rooms
D:7:      layout_basic, uniq_maggie, uniq_harold
D:9:      layout_basic, nicolae_qazlal_scattered_showers,
          minmay_orc_entry_guard_dogs, serial_shops,
          nicolae_inconvenience_store, nicolae_stop_n_shop_1
D:10:     layout_loops_ring, nicolae_ru_the_path_less_chosen,
          mainiacjoe_overflow_six_doors_small, uniq_psyche

Skill      XL: |  1  2  3  4  5  6  7  8  9 10 |
---------------+-------------------------------+-----
Shields        | 4 5 6 7 8 |  8.7
Armour         | 4 5 6 7 8 |  8.0
Fighting       | 4 5 6 7 |  7.9
Maces & Flails | 3 4 5 6 |  6.8

Action                   |  1- 3 |  4- 6 |  7- 9 | 10-12 || total
-------------------------+-------+-------+-------+-------++-------
Melee: Flail             |    99 |   131 |   327 |     4 ||   561
 Abil: Dig               |       |       |     1 |       ||     1
       Shaft Self        |       |       |     1 |       ||     1
  Use: Potion            |       |     1 |     4 |     2 ||     7
       Scroll            |       |       |     8 |       ||     8
Armor: Scale mail        |    45 |       |       |       ||    45
       Plate armour      |     8 |    86 |   226 |     1 ||   321
Dodge: Dodged            |    65 |    46 |   124 |     6 ||   241
Block: Buckler           |    29 |    42 |    91 |     1 ||   163

Table legend: (Time is in decaauts)
 A = Elapsed time spent in this place.
 B = Non-inter-level travel time spent in this place.
 C = Inter-level travel time spent in this place.
 D = Time resting spent in this place.
 E = Time spent auto-exploring this place.
 F = Levels seen in this place.
 G = Mean time per level.
                   A        B        C        D        E       F      G
               +--------+--------+--------+--------+--------+-----+--------+
         Total |   8340 |   8241 |     99 |   2214 |   4787 |   9 |  926.7 |
       Dungeon |   8340 |   8241 |     99 |   2214 |   4787 |   9 |  926.7 |
               +--------+--------+--------+--------+--------+-----+--------+

Top non-repeatable levels by time:
     D:2: 1732 daAuts
     D:5: 1703 daAuts
     D:4: 1110 daAuts
     D:1: 894 daAuts
    D:10: 833 daAuts
     D:3: 806 daAuts
     D:6: 756 daAuts
     D:7: 348 daAuts
     D:9: 154 daAuts
